 Dungeon Crawl Stone Soup version 0.31-a0-233-g139696dc86 (webtiles) character file.

Game seed: 2513546286214221415

3306 qw the Skirmisher (level 9, 0/79 HPs)
             Began as a Minotaur Hexslinger on July 7, 2023.
             Was a Follower of Okawaru.
             Slain by a yak (13 damage)
             ... on level 8 of the Dungeon.
             The game lasted 00:02:26 (5735 turns).

qw the Skirmisher (Minotaur Hexslinger)             Turns: 5735, Time: 00:02:27

Health: 0/79       AC:  9    Str: 13    XL:     9   Next: 70%
Magic:  9/11       EV: 32    Int: 10    God:    Okawaru [*.....]
Gold:   346        SH:  0    Dex: 17    Spells: 9/10 levels left

rFire   + + .        e - melded +0 orcbow
rCold   + + .        (shield currently unavailable)
rNeg    + + +        l - melded +0 ring mail
rPois   inf          c - melded +1 hat
rElec   +            o - melded +0 cloak
rCorr   +            (gloves currently unavailable)
SInv    .            (boots currently unavailable)
Will    .....        m - melded amulet of reflection
Stlth   +++          q - melded +5 ring of evasion
HPRegen 0.33/turn    n - melded +6 ring of dexterity
MPRegen 0.12/turn

%: no passive effects
@: mighty, agile, wisp-form, heroic, flying
A: insubstantial, flying, no casting, tiny, (horns 2), (retaliatory headbutt)
a: Renounce Religion, Heroism


You were on level 8 of the Dungeon.
You worshipped Okawaru.
Okawaru was aware of your devotion.
You were an insubstantial wisp.
You visited 2 branches of the dungeon, and saw 9 of its levels.

You collected 379 gold pieces.
You spent 33 gold pieces at shops.


Innate Abilities, Weirdness & Mutations

You are an insubstantial wisp.
Your tiny insubstantial body is highly resistant to most damage types.
You are flying.
Your equipment is entirely melded.
You are incapable of wielding weapons or throwing items.
You cannot cast spells.
((You have a pair of horns on your head.))
((You reflexively headbutt those who attack you in melee.))


   Skills:
 - Level 7.1(12.1) Fighting
 + Level 11.6(16.6) Ranged Weapons
 - Level 3.4(8.4) Armour
 - Level 5.0(10.0) Dodging
 - Level 1.0 Spellcasting
 - Level 2.0 Hexes
 - Level 4.0 Invocations


You had 9 spell levels left.
You knew the following spells:

 Your Spells              Type           Power      Damage    Failure   Level
a - Slow                  Hex            16%        N/A       16%         1

Your spell library contained the following spells:

 Spells                   Type           Power      Damage    Failure   Level
 Inner Flame              Hex/Fire       2%         N/A       56%         3
 Portal Projectile        Hex/Tloc       4%         N/A       56%         3
 Cause Fear               Hex            2%         N/A       83%         4

Inventory:

Hand Weapons
 e - a +0 orcbow (melded)
Armour
 c - a +1 hat (melded)
 l - a +0 ring mail (melded)
 o - a +0 cloak (melded)
Jewellery
 m - an amulet of reflection (melded)
 n - a +6 ring of dexterity (melded)
 q - a +5 ring of evasion (melded)
Scrolls
 a - 3 scrolls of identify
Potions
 b - a potion of might
 f - 2 potions of curing
 h - 2 potions of haste
 j - a potion of resistance
 k - 2 potions of mutation

Dungeon Overview and Level Annotations

Branches:
Dungeon (8/15)             Temple (1/1) D:6
   Lair: D:8-11

Altars:
Ashenzari
Cheibriados
Dithmenos
Elyvilon
Fedhas
Gozag
Kikubaaqudgha
Makhleb
Nemelex Xobeh
Okawaru
Qazlal
Ru
Sif Muna
Trog
Uskayaw
Vehumet
Wu Jian
Xom
Yredelemnul
Zin

Shops:
D:2 !   D:3 :[[

Annotations:
D:4 2 transporters
D:8 Psyche


Message History

You hear some strange, mumbled words.
The yak completely misses you.
You touch the yak.
The yak is moderately wounded.
Something hits you. The yak barely misses you.
You touch the yak.
The yak is moderately wounded.
Something barely misses you.
You touch the yak.
The yak is moderately wounded.
You feel like a meek peon again. Something hits you!
You feel agile all of a sudden. The yak completely misses you.
Something misses you.
5730 ||| INVOKING Heroism.
You gain the combat prowess of a mighty hero.
The yak completely misses you. Something misses you.
You touch the yak.
The yak is moderately wounded.
The yak completely misses you. Something barely misses you.
You touch the yak.
The yak is heavily wounded.
Something hits you.
You feel very mighty all of a sudden. The yak barely misses you.
You touch the yak!
The yak is severely wounded.
Something barely misses you. The yak completely misses you.
You touch the yak.
The yak is almost dead.
You hear some strange, mumbled words.
A swirling arc of seething chaos appears!
An arc of chaos appears from out of thin air!
The arc of chaos hits you. You resist.
The arc of chaos hits the yak but does no damage.
The yak completely misses you.
You touch the yak.
The yak is almost dead.
Something hits you but does no damage. The yak gores you!
You die...

####### ..o....
oKK..# FY##.#
#Y##.# #Y##.##
#v#...############
#){.#......)......
###...######).....
##.## #(##### #.#
#.# #.# #.# ..#
#.# #.> #.# #..
#.#


You could see 3 yaks, a bullfrog, 2 orcs and 2 kobolds.

Vanquished Creatures
  A hornet (D:7)
  3 yaks (D:8)
  A sky beast (D:6)
  3 black bears
  An ice beast (D:6)
  4 ogres
  2 centaurs
  A phantom (D:3)
  2 kobold brigands
  2 bullfrogs (D:7)
  A gnoll sergeant (D:8)
  3 scorpions
  3 wights (D:7)
  A crimson imp (D:6)
  4 hounds
  4 orc priests
  4 gnoll boudas
  A jelly (D:6)
  Ijyb (D:5)
  A sleepcap (D:6)
  3 iguanas
  An orc wizard (D:7)
  Terence (D:3)
  4 adders
  23 gnolls
  A white imp (D:6)
  An ufetubus (D:5)
  2 dart slugs (D:1)
  19 orcs
  3 bats
  11 endoplasms
  3 giant cockroaches
  8 goblins
  10 hobgoblins
  4 quokkas
  11 ball pythons
  4 frilled lizards
  13 kobolds
  10 rats
175 creatures vanquished.

Notes
Turn   | Place    | Note
-------+----------+-------------------------------------------
     0 | D:1      | qw the Minotaur Hexslinger began the quest for the Orb.
     0 | D:1      | Reached XP level 1. HP: 16/16 MP: 1/1
     0 | D:1      | 0 ||| qw: Version: 0.3-a-46-gb1f654a
     0 | D:1      | 0 ||| qw: Game counter: 3189
     0 | D:1      | 0 ||| qw: Melee chars always use a shield: true
     0 | D:1      | 0 ||| qw: God list: Okawaru
     0 | D:1      | 0 ||| qw: Allow faded altars: false
     0 | D:1      | 0 ||| qw: Do Orc after clearing Dungeon:15 true
     0 | D:1      | 0 ||| qw: Do second Lair branch before Depths: true
     0 | D:1      | 0 ||| qw: Lair rune preference: random
     0 | D:1      | 0 ||| qw: Goals: Normal
     0 | D:1      | 0 ||| PLANNING D:1-11
    41 | D:1      | Reached skill level 3 in Ranged Weapons
    41 | D:1      | Reached XP level 2. HP: 10/23 MP: 2/2
   305 | D:1      | 305 ||| FLEEEEING.
   328 | D:1      | Reached XP level 3. HP: 29/29 MP: 3/3
   528 | D:1      | 528 ||| UPGRADING to +0 leather armour.
   538 | D:1      | 538 ||| DROPPING +0 robe.
   539 | D:1      | 539 ||| UPGRADING to ring of protection from cold.
   540 | D:1      | 540 ||| READING 4 scrolls labelled LALAN JIUBB.
   541 | D:1      | 541 ||| DRINKING 2 bubbling grey potions.
   542 | D:1      | 542 ||| READING 3 scrolls of identify.
   542 | D:1      | 542 ||| IDENTIFYING glowing cyan potion
   543 | D:1      | 543 ||| READING 2 scrolls of identify.
   543 | D:1      | 543 ||| IDENTIFYING inky potion
   544 | D:1      | 544 ||| DROPPING scroll of poison.
   645 | D:2      | Reached skill level 4 in Ranged Weapons
   791 | D:2      | Found a basalt altar of Yredelemnul.
   889 | D:2      | Found Tuemauh's Distillery.
   899 | D:2      | 899 ||| BUYING potion of curing (33 gold).
   899 | D:2      | Bought a potion of curing for 33 gold pieces
   899 | D:2      | 899 ||| SHOPLISTING potion of curing (33 gold, have 26).
   899 | D:2      | 899 ||| SHOPLISTING potion of heal wounds (55 gold, have
                  | 26).
   899 | D:2      | 899 ||| SHOPLISTING potion of might (44 gold, have 26).
  1114 | D:2      | 1114 ||| UPGRADING to +1 hat.
  1119 | D:2      | 1119 ||| UPGRADING to amulet of the acrobat.
  1124 | D:2      | 1124 ||| READING scroll labelled COCAKHYSEL.
  1125 | D:2      | 1125 ||| DRINKING 3 green potions.
  1147 | D:2      | 1147 ||| READING 2 scrolls of identify.
  1147 | D:2      | 1147 ||| IDENTIFYING puce potion
  1148 | D:2      | 1148 ||| DROPPING 2 potions of lignification.
  1269 | D:3      | Noticed a phantom
  1292 | D:3      | Killed a phantom
  1293 | D:3      | Reached skill level 5 in Ranged Weapons
  1293 | D:3      | Reached XP level 4. HP: 28/36 MP: 4/4
  1329 | D:3      | Noticed Terence
  1334 | D:3      | Killed Terence
  1335 | D:3      | Reached XP level 5. HP: 42/42 MP: 5/5
  1374 | D:3      | Found Koenocli's Book Shop.
  1427 | D:3      | Found Zarr's Armour Emporium.
  1434 | D:3      | 1434 ||| SHOPLISTING +0 pair of gloves (54 gold, have 37).
  1434 | D:3      | 1434 ||| SHOPLISTING +2 ring mail of cold resistance (252
                  | gold, have 37).
  1578 | D:3      | Found Kuonnus's Antique Armour Shoppe.
  1581 | D:3      | 1581 ||| SHOPLISTING smouldering cloak (256 gold, have 37).
  1701 | D:3      | 1701 ||| UPGRADING to +0 ring mail.
  1711 | D:3      | 1711 ||| DROPPING +0 leather armour.
  1712 | D:3      | 1712 ||| DROPPING amulet of magic regeneration.
  1713 | D:3      | 1713 ||| UPGRADING to +6 ring of dexterity.
  1714 | D:3      | 1714 ||| READING scroll labelled XAMIFU NUOXICK.
  1715 | D:3      | 1715 ||| READING 2 scrolls of identify.
  1715 | D:3      | 1715 ||| IDENTIFYING fuming grey potion
  1723 | D:4      | 1723 ||| STAIRDANCE
  1726 | D:3      | Reached skill level 1 in Armour
  1786 | D:4      | Reached skill level 3 in Fighting
  1799 | D:4      | Found a transporter.
  1816 | D:4      | Found a white marble altar of Elyvilon.
  2019 | D:4      | Found a transporter.
  2026 | D:4      | Reached skill level 6 in Ranged Weapons
  2390 | D:4      | 2390 ||| UPGRADING to +0 cloak.
  2395 | D:4      | 2395 ||| UPGRADING to amulet of reflection.
  2405 | D:4      | 2405 ||| DROPPING amulet of the acrobat.
  2406 | D:4      | 2406 ||| UPGRADING to ring of poison resistance.
  2408 | D:4      | 2408 ||| READING scroll labelled RATHEOZUGO.
  2412 | D:4      | 2412 ||| READING scroll labelled HOMEAG YCWE.
  2413 | D:4      | 2413 ||| READING 2 scrolls of identify.
  2413 | D:4      | 2413 ||| IDENTIFYING murky puce potion
  2414 | D:4      | 2414 ||| DROPPING potion of invisibility.
  2447 | D:5      | Entered Level 5 of the Dungeon
  2451 | D:5      | Reached XP level 6. HP: 51/51 MP: 6/6
  2587 | D:5      | 2587 ||| FLEEEEING.
  2588 | D:5      | 2588 ||| FLEEEEING.
  2589 | D:5      | 2589 ||| FLEEEEING.
  2594 | D:5      | 2594 ||| FLEEEEING.
  2595 | D:5      | 2595 ||| FLEEEEING.
  2597 | D:5      | 2597 ||| FLEEEEING.
  2598 | D:5      | 2598 ||| FLEEEEING.
  2599 | D:5      | 2599 ||| FLEEEEING.
  2600 | D:5      | 2600 ||| STAIRDANCE
  2703 | D:4      | 2703 ||| READING scroll labelled PIEFOA YSUAQO.
  2707 | D:5      | 2707 ||| STAIRDANCE
  2710 | D:4      | Reached XP level 7. HP: 26/60 MP: 7/7
  2827 | D:5      | Reached skill level 7 in Ranged Weapons
  2840 | D:5      | Reached skill level 3 in Dodging
  2844 | D:5      | 2844 ||| READING 3 scrolls of enchant weapon.
  2844 | D:5      | 2844 ||| ENCHANTING +1 heavy sling.
  2845 | D:5      | 2845 ||| READING 2 scrolls of enchant weapon.
  2845 | D:5      | 2845 ||| ENCHANTING +2 heavy sling.
  2846 | D:5      | 2846 ||| READING scroll of enchant weapon.
  2846 | D:5      | 2846 ||| ENCHANTING +3 heavy sling.
  2982 | D:5      | Noticed Ijyb
  2987 | D:5      | Killed Ijyb
  3351 | D:5      | 3351 ||| READING scroll labelled IFEONA EXYLOOG.
  3410 | D:6      | Reached skill level 8 in Ranged Weapons
  3726 | D:6      | Reached skill level 9 in Ranged Weapons
  3726 | D:6      | Reached XP level 8. HP: 53/68 MP: 8/8
  3845 | D:6      | Found a staircase to the Ecumenical Temple.
  3846 | D:6      | 3846 ||| PLANNING TEMPLE
  3846 | D:6      | 3846 ||| READING 4 scrolls of identify.
  3846 | D:6      | 3846 ||| IDENTIFYING blue potion
  3847 | D:6      | 3847 ||| DROPPING potion of brilliance.
  3870 | Temple   | Entered the Ecumenical Temple
  3889 | Temple   | 3889 ||| PLANNING OKAWARU WORSHIP
  4035 | Temple   | Became a worshipper of Warmaster Okawaru
  4036 | Temple   | 4036 ||| PLANNING D:1-11
  4070 | D:6      | Reached skill level 6 in Fighting
  4227 | D:6      | 4227 ||| Stepping ~*~*~tactically~*~*~ (outnumbered).
  4229 | D:6      | 4229 ||| Stepping ~*~*~tactically~*~*~ (outnumbered).
  4233 | D:6      | 4233 ||| Stepping ~*~*~tactically~*~*~ (outnumbered).
  4283 | D:6      | Found a burning altar of Makhleb.
  4434 | D:7      | Noticed a hornet
  4438 | D:7      | Killed a hornet
  4438 | D:7      | Reached * piety under Okawaru
  4439 | D:7      | Reached skill level 10 in Ranged Weapons
  4497 | D:7      | Reached skill level 1 in Invocations
  4516 | D:7      | 4516 ||| INVOKING Heroism.
  4517 | D:7      | 4517 ||| Stepping ~*~*~tactically~*~*~ (outnumbered).
  4520 | D:7      | 4520 ||| Stepping ~*~*~tactically~*~*~ (outnumbered).
  4521 | D:7      | 4521 ||| INVOKING Heroism.
  4611 | D:7      | 4611 ||| INVOKING Heroism.
  4617 | D:7      | Reached XP level 9. HP: 79/79 MP: 6/9
  4809 | D:7      | 4809 ||| Stepping ~*~*~tactically~*~*~ (outnumbered).
  4814 | D:7      | 4814 ||| INVOKING Heroism.
  4902 | D:7      | 4902 ||| INVOKING Heroism.
  4980 | D:7      | 4980 ||| FLEEEEING.
  4981 | D:7      | 4981 ||| FLEEEEING.
  4988 | D:7      | 4988 ||| STAIRDANCE
  5090 | D:6      | 5090 ||| DROPPING +6 ring of strength.
  5091 | D:6      | 5091 ||| DROPPING ring of protection from cold.
  5092 | D:6      | 5092 ||| UPGRADING to +5 ring of evasion.
  5094 | D:6      | 5094 ||| DROPPING +6 ring of intelligence.
  5095 | D:6      | 5095 ||| DROPPING ring of poison resistance.
  5096 | D:6      | 5096 ||| READING scroll labelled ZIFALUOWNARHA.
  5211 | D:7      | 5211 ||| INVOKING Heroism.
  5333 | D:7      | 5333 ||| READING 4 scrolls of identify.
  5333 | D:7      | 5333 ||| IDENTIFYING fuming sapphire potion
  5354 | D:8      | Reached skill level 11 in Ranged Weapons
  5372 | D:8      | 5372 ||| SWAPPING to +0 orcbow.
  5373 | D:8      | 5373 ||| DROPPING +4 heavy sling.
  5410 | D:8      | Reached skill level 3 in Invocations
  5412 | D:8      | 5412 ||| INVOKING Heroism.
  5421 | D:8      | Reached skill level 3 in Armour
  5429 | D:8      | HP: 7/79 [yak (14)]
  5430 | D:8      | 5430 ||| READING scroll of teleportation.
  5431 | D:8      | 5431 ||| DRINKING potion of heal wounds.
  5432 | D:8      | 5432 ||| INVOKING Heroism.
  5615 | D:8      | 5615 ||| Stepping ~*~*~tactically~*~*~ (outnumbered).
  5617 | D:8      | 5617 ||| Stepping ~*~*~tactically~*~*~ (outnumbered).
  5693 | D:8      | 5693 ||| INVOKING Heroism.
  5713 | D:8      | Noticed Psyche
  5720 | D:8      | 5720 ||| DRINKING 3 potions of curing.
  5720 | D:8      | 5720 ||| (to cure confusion)
  5729 | D:8      | HP: 16/79 [something (8)]
  5730 | D:8      | 5730 ||| INVOKING Heroism.
  5734 | D:8      | HP: 13/79 [something/chain of chaos (1)]
  5735 | D:8      | Slain by a yak

Levels and vault maps discovered:
D:1:      lightli_arrival_chessboard, layout_rooms
D:2:      layout_loops_ring, basic_altar, serial_shops, nicolae_lakefront_shop
D:3:      layout_rooms, serial_shops, nicolae_shop_behind_doors, shop, shop,
          uniq_terence
D:4:      gammafunk_steamed_eel, layout_loops_ring, mainiacjoe_overflow_catwalk
D:5:      layout_cave_pools, grunt_decor_clamped, uniq_ijyb
D:6:      layout_loops_ring, makhleb_grotto_becter, minmay_temple_entry_junction
D:7:      layout_loops_ring, chequers_mini_garden, hangedman_decor_opposing
D:8:      layout_loops_ring, nzn_hepliaklqana_mist_gate, tso_oasis_becter,
          lair_entry_dummy, uniq_psyche
Temple:   regret_index_temple_mists

Skill      XL: |  1  2  3  4  5  6  7  8  9 |
---------------+----------------------------+-----
Ranged Weapons | 3 5 6 9 10 11 | 11.6
Fighting       | 2 3 4 5 7 |  7.1
Armour         | 1 2 3 |  3.4
Dodging        | 3 4 5 |  5.0
Invocations    | 2 4 |  4.0
Spellcasting   | |  1.0
Hexes          | |  2.0

Action                     |  1- 3 |  4- 6 |  7- 9 || total
---------------------------+-------+-------+-------++-------
  Melee: Unarmed           |       |       |    18 ||    18
   Fire: Sling             |   150 |    99 |   178 ||   427
         Orcbow            |       |       |    75 ||    75
 Invoke: Heroism           |       |       |     9 ||     9
    Use: Scroll            |     5 |     6 |     8 ||    19
         Potion            |     2 |       |     2 ||     4
 Armour: Robe              |     8 |       |       ||     8
         Leather armour    |    11 |     1 |       ||    12
         Ring mail         |       |     5 |    41 ||    46
         Skin              |       |       |     2 ||     2
  Dodge: Dodged            |    29 |    34 |   153 ||   216
  Block: Other             |       |     3 |    41 ||    44
         Reflection        |       |       |     1 ||     1

Table legend:
 A = Non-vault XP
 B = Vault XP
 C = Vault XP percentage of total XP
 D = Non-vault monster count
 E = Vault monster count
 F = Vault count percentage of total count
                 A         B        C        D         E       F
            +---------+---------+-------+---------+---------+-------
      Total |    4605 |     119 |   2.5 |     172 |       3 |   1.7
            +---------+---------+-------+---------+---------+-------
        D:1 |      54 |       0 |   0.0 |      31 |       0 |   0.0
        D:2 |      19 |       0 |   0.0 |      11 |       0 |   0.0
        D:3 |     164 |      32 |  16.3 |      20 |       1 |   4.8
        D:4 |     201 |       0 |   0.0 |      20 |       0 |   0.0
        D:5 |     603 |      39 |   6.1 |      21 |       1 |   4.5
        D:6 |     930 |      48 |   4.9 |      21 |       1 |   4.5
        D:7 |    1587 |       0 |   0.0 |      28 |       0 |   0.0
        D:8 |    1047 |       0 |   0.0 |      20 |       0 |   0.0
            +---------+---------+-------+---------+---------+-------
